 Dungeon Crawl Stone Soup version 0.28.0-1-gb440e238dd (webtiles) character file.

Game seed: 14661527120262866878

493 cbfl8 the Sneak (level 6, -4/55 HPs)
             Began as a Minotaur Delver on Feb 27, 2022.
             Slain by an orc priest (5 damage)
             ... on level 4 of the Dungeon.
             The game lasted 00:08:11 (3751 turns).

cbfl8 the Sneak (Minotaur Delver)                   Turns: 3751, Time: 00:08:12

Health: -4/55      AC:  8    Str: 19    XL:     6   Next: 92%
Magic:  0/5        EV: 10    Int:  7    God:
Gold:   76         SH:  0    Dex: 11    Spells: 5/5 levels left

rFire   . . .      SeeInvis .   y - +0 falchion (distort)
rCold   + . .      Faith    .   (no shield)
rNeg    . . .      Spirit   +   j - +0 scale mail
rPois   .          Reflect  .   (helmet restricted)
rElec   .          Harm     .   n - +0 cloak
rCorr   +          Rampage  .   (no gloves)
Will    .....                   (no boots)
Stlth   ++........              l - amulet of guardian spirit
HPRegen 0.18/turn               i - ring of resist corrosion
MPRegen 0.09/turn               k - ring of protection from cold

@: no status effects
A: horns 2, retaliatory headbutt
a: no special abilities


You were on level 4 of the Dungeon.
You visited 1 branch of the dungeon, and saw 5 of its levels.

You collected 244 gold pieces.
You spent 168 gold pieces at shops.

Inventory:

Hand Weapons
 a - a +0 hand axe
 w - a +0 spear
 y - a +0 falchion of distortion (weapon)
Armour
 b - a +0 leather armour
 h - a +0 ring mail
 j - a +0 scale mail (worn)
 n - a +0 cloak (worn)
Jewellery
 i - a ring of resist corrosion (left hand)
 k - a ring of protection from cold (right hand)
 l - an amulet of guardian spirit (around neck)
 r - an amulet of reflection
 D - a ring of resist corrosion
Wands
 g - a wand of digging (3)
 z - a wand of acid (13)
Scrolls
 c - a scroll of fog
 d - a scroll of magic mapping
 e - 2 scrolls of fear
 o - a scroll of torment {unknown}
 p - 3 scrolls of identify {unknown}
 s - a scroll of amnesia {unknown}
 t - a scroll of blinking {unknown}
 u - a scroll of holy word {unknown}
 v - a scroll of noise {unknown}
 x - a scroll of enchant armour {unknown}
 B - a scroll of immolation {unknown}
Potions
 f - 2 potions of haste
 m - a potion of berserk rage {unknown}
 q - 3 potions of curing {unknown}
 A - 2 potions of brilliance {unknown}
 C - a potion of lignification {unknown}


   Skills:
 + Level 4.8 Fighting
 + Level 0.5 Long Blades
 + Level 4.4 Axes
 + Level 3.3 Armour
 + Level 2.7 Dodging
 + Level 6.0 Stealth


You had 5 spell levels left.
You didn't know any spells.
Your spell library contained the following spells:

 Spells                   Type           Power      Damage    Failure   Level
 Slow                     Hex            0%         N/A       80%         1
 Confusing Touch          Hex            0%         N/A       99%         3
 Gell's Gravitas          Tloc           0%         N/A       99%         3
 Lesser Beckoning         Tloc           0%         N/A       99%         3
 Teleport Other           Tloc           0%         N/A       99%         3
 Vampiric Draining        Necr           0%         2d6       99%         3
 Dispersal                Tloc           0%         N/A       100%        6


Dungeon Overview and Level Annotations

Branches:
Dungeon (5/15)
 Temple: D:4-7

Altars:
Cheibriados
Gozag
Okawaru
Sif Muna
Vehumet
Wu Jian

Shops:
D:1 *   D:4 *


Innate Abilities, Weirdness & Mutations

You have a pair of horns on your head.
You reflexively headbutt those who attack you in melee.


Message History

Found a stone staircase leading down.
There is an open door here.
You open the door.
There is an open door here.
There is an open door here.
There is an open door here.
Found an escape hatch in the floor.
There is an open door here.
There is an open door here.
You open the door.
There is an open door here.
You open the door.
There is an open door here.
An orc priest comes into view. It is wielding a +0 flail.
The orc priest shouts!
An orc priest is nearby!
An orc priest comes into view. It is wielding a +0 dagger.
The orc priest invokes the aid of Beogh against you.
Beogh smites you!
The orc priest calls down the wrath of Beogh upon you.
Pain shoots through your body!
You hear a shout!
An orc comes into view. It is wielding a +0 dagger.
The orc shouts!
The orc priest hits you with a +0 flail.
You barely miss the orc priest. Your headbutt misses the orc priest.
The orc priest mumbles some strange prayers to Beogh against you.
Beogh smites you!
You barely miss the orc priest.
The orc priest hits you but does no damage.
The orc priest closely misses you.
You closely miss the orc priest.
The orc priest calls down the wrath of Beogh upon you.
Beogh smites you!
* * * LOW HITPOINT WARNING * * *
The orc priest mumbles some strange prayers to Beogh against you.
Beogh smites you!
* * * LOW HITPOINT WARNING * * *
The orc priest hits you with a +0 flail.
You die...

,,,,,,*,,,,,,,..##.....#..###....
,,,,*,,,,,,,,,*,,#.....#....#....
,,,,*,,,,.,,,_*,,#.....#....#....
,,,,*,,,,..,,,*,,#.....'....#....
,,,,*,,,,...,,,,,#.....######.)..
*******,,....,,,,#...............
*,,,,,**,8.8.8,,,######..........
*,,,8,*,,......#+##...'...##.##..
+,,,,,#........o@.....#..##...##.
+,,,,,#..#.....oo.....####.....##
+,,,,,#..#####..........#.......#
*,,,,,#......###+##........._....
*,,,,,#...........#######.......#
****###................###.....##
,,,,#.....[............# ##...##.
#####...†..............#####.##..
#.......##'#######...............


You could see 2 orc priests and an orc.

Vanquished Creatures
  A black bear (D:5)
  A phantom (D:4)
  A scorpion (D:5)
  2 hounds
  An orc priest (D:5)
  An orc wizard (D:3)
  Ijyb (D:3)
  5 adders
  2 worms (D:3)
  4 dart slugs
  8 orcs
  6 bats
  5 endoplasms
  2 giant cockroaches (D:4)
  4 goblins
  7 hobgoblins
  3 quokkas
  3 ball pythons
  7 frilled lizards
  6 kobolds
  5 rats
75 creatures vanquished.

Notes
Turn   | Place    | Note
-------+----------+-------------------------------------------
     0 | D:5      | cbfl8 the Minotaur Delver began the quest for the Orb.
     0 | D:5      | Reached XP level 1. HP: 19/19 MP: 0/0
   107 | D:5      | Found a radiant altar of Vehumet.
   109 | D:5      | Noticed a hound
   119 | D:5      | Killed a hound
   120 | D:5      | Reached XP level 2. HP: 21/27 MP: 1/1
   120 | D:5      | Reached XP level 3. HP: 26/33 MP: 2/2
   197 | D:5      | Noticed a scorpion
   204 | D:5      | Killed a scorpion
   205 | D:5      | Reached skill level 5 in Stealth
   205 | D:5      | Reached XP level 4. HP: 24/40 MP: 3/3
   541 | D:5      | Noticed a black bear
   564 | D:5      | Killed a black bear
   565 | D:5      | Reached skill level 1 in Armour
   565 | D:5      | Reached XP level 5. HP: 36/47 MP: 4/4
  1152 | D:1      | Found a faded altar of an unknown god.
  1285 | D:1      | Reached XP level 6. HP: 53/53 MP: 5/5
  1297 | D:1      | Found Emudoink's Assorted Antiques.
  1303 | D:1      | Reached skill level 6 in Stealth
  1314 | D:1      | Bought a tiny jade amulet for 105 gold pieces
  1314 | D:1      | Bought a scroll labelled OMIHACO XOUDE for 21 gold pieces
  1314 | D:1      | Bought a scroll labelled UNLOUTH ZUANIUL for 21 gold pieces
  1314 | D:1      | Bought a scroll labelled FEICZIADIA for 21 gold pieces
  2054 | D:3      | Found a shimmering blue altar of Sif Muna.
  2114 | D:3      | HP: 2/53 [orc (4)]
  2661 | D:3      | Noticed Ijyb
  2665 | D:3      | Killed Ijyb
  2714 | D:3      | Found a large runed translucent door.
  2715 | D:3      | Found a large runed translucent door.
  2740 | D:3      | Found an ornate altar of the Wu Jian Council.
  2754 | D:3      | Found an iron altar of Okawaru.
  3228 | D:4      | Found Gozag's Platinum Reserve.
  3237 | D:4      | Found an opulent altar of Gozag.
  3362 | D:4      | Found a snail-covered altar of Cheibriados.
  3751 | D:4      | HP: 1/55 [orc priest/divine providence (12)]
  3751 | D:4      | Slain by an orc priest

Illustrated notes

Levels and vault maps discovered:
D:1:      dpeg_arrival_lava_altar, layout_basic, serial_shops, shop,
          ebering_ecumenical_altar_mist
D:2:      layout_basic
D:3:      layout_rooms, mainiacjoe_overflow_24_doors, jmf_multi_god_temple2,
          nrook_mini_backslash, uniq_ijyb
D:4:      layout_gridville, eat_drink_and_be_merry_uskayaw, lemuel_round_altar,
          nicolae_gozag_zags_fifth_avenue, portal_sewer_entry_e,
          ebering_ghost_rock_garden, st_stairs_12, chequers_decorated_corner
D:5:      layout_basic, amcnicky_altar_gilded

Skill      XL: |  1  2  3  4  5  6 |
---------------+-------------------+-----
Fighting       | 4 |  4.8
Stealth        | 5 6 |  6.0
Armour         | 1 3 |  3.3
Axes           | 3 4 |  4.4
Long Blades    | |  0.5
Dodging        | |  2.7

Action                   |  1- 3 |  4- 6 || total
-------------------------+-------+-------++-------
Melee: Hand axe          |     5 |   112 ||   117
       Headbutt          |     2 |    23 ||    25
       Falchion          |       |    36 ||    36
       Punch             |       |     1 ||     1
  Use: Scroll            |       |     2 ||     2
 Stab: Sleeping          |       |     3 ||     3
Armor: Ring mail         |       |    18 ||    18
       Scale mail        |       |    72 ||    72
Dodge: Dodged            |     5 |    90 ||    95
